 Dungeon Crawl Stone Soup version 0.28-a0-973-ga7f8b01127 (webtiles) character file.

Game seed: 535726092016032165

4 Goblin1989 the Sneak (level 1, 0/18 HPs)
             Began as a Demonspawn Delver on Dec 2, 2021.
             Slain by a bullfrog (2 damage)
             ... on level 5 of the Dungeon.
             The game lasted 00:02:14 (260 turns).

Goblin1989 the Sneak (Demonspawn Delver)             Turns: 260, Time: 00:02:15

Health: 0/18       AC:  3    Str: 12    XL:     1   Next: 58%
Magic:  1/1        EV: 11    Int: 11    God:
Gold:   15         SH:  0    Dex: 14    Spells: 0/0 levels left

rFire   . . .      SeeInvis .   a - +0 mace
rCold   . . .      Faith    .   (no shield)
rNeg    . . .      Spirit   .   b - +0 leather armour
rPois   .          Reflect  .   (no helmet)
rElec   .          Harm     .   (no cloak)
rCorr   .          Rampage  .   (no gloves)
Will    .....                   (no boots)
Stlth   ++........              (no amulet)
HPRegen 0.06/turn               (no ring)
MPRegen 0.07/turn               (no ring)

@: no status effects
A: no striking features
a: no special abilities


You were on level 5 of the Dungeon.
You visited 1 branch of the dungeon, and saw 2 of its levels.

You collected 15 gold pieces.

Inventory:

Hand Weapons
 a - a +0 mace (weapon)
Armour
 b - a +0 leather armour (worn)
 O - a +0 kite shield
Wands
 g - a wand of digging (3) {@v1}
Scrolls
 c - a scroll of fog
 e - a scroll of fear
 M - a scroll of magic mapping
Potions
 f - a potion of haste {@q3,}
 N - a potion of curing {unknown}
 P - a potion of magic {unknown}


   Skills:
 - Level 3.0 Fighting
 + Level 2.2 Maces & Flails
 - Level 1.7 Dodging
 - Level 4.5 Stealth


You couldn't memorise any spells.
You didn't know any spells.
Your spell library was empty.

Dungeon Overview and Level Annotations

Branches:
Dungeon (5/15)
 Temple: D:4-7

Altars:

Annotations:
D:5 exclusion: sky beast


Message History

An orc comes into view. It is wielding a +0 club.
The orc shouts!
You hear a shout! x2
The orc moves out of view.
An orc comes into view. It is wielding a +0 morningstar.
An orc comes into view. It is wielding a +0 whip.
An orc wizard comes into view. It is wielding a +0 dagger.
There is a stone staircase leading down here.
You climb downwards.
There is a stone staircase leading up here.
Found a kite shield.
Found a fuming blue potion.
A sky beast comes into view.
You see here a +0 kite shield.
O - a +0 kite shield
Press: ? - help, . - travel You can't see that place. [the floor.] Placed new exclusion.
A worm comes into view.
You see here a fuming blue potion.
P - a fuming blue potion
There is a stone staircase leading up here.
There is a stone staircase leading down here.
You hit the worm but do no damage. The worm barely misses you.
You sock the worm!
The worm is heavily wounded.
You hit the worm but do no damage.
The worm is heavily wounded.
The worm bites you.
You take 2 damage, and have 16/18 hp.
You hit the worm.
The worm is almost dead.
The worm closely misses you.
You hit the worm.
You kill the worm!
You see here a worm corpse.
You start resting.
HP restored.
Health restored: 18
Found 6 gold pieces.
Found 9 gold pieces.
You now have 6 gold pieces.
You now have 15 gold pieces (gained 9).
Saving game... please wait.
Level annotation: exclusion: sky beast You become a guardian mummy!
Welcome back, Goblin1989 the Demonspawn Delver.
Press ? for a list of commands and other information.
A gnoll comes into view. It is wielding a +0 flail.
The gnoll shouts!
You hear a shout! x3
A gnoll shaman comes into view. It is wielding a +0 club.
Found a club.
A bullfrog comes into view.
A centaur comes into view.
The helpless bullfrog fails to defend itself.
You hit the bullfrog.
The bullfrog is lightly wounded.
The bullfrog closely misses you. The bullfrog hits you.
You take 1 damage, and have 17/18 hp.
You hit the bullfrog.
The bullfrog is lightly wounded.
The centaur shouts!
The bullfrog misses you. The bullfrog hits you.
You take 4 damage, and have 13/18 hp.
MASSIVE DAMAGE!!
You hit the bullfrog.
The bullfrog is moderately wounded.
The bullfrog swells and bulges.
The bullfrog misses you. The bullfrog hits you.
You take 3 damage, and have 10/18 hp.
You hit the bullfrog.
The bullfrog is heavily wounded.
The bullfrog hits you.
* * * LOW HITPOINT WARNING * * *
The bullfrog hits you.
* * * LOW HITPOINT WARNING * * *
You take 3 damage, and have 7/18 hp.
You sock the bullfrog!
The bullfrog is severely wounded.
The bullfrog barely misses you. The bullfrog misses you.
You hit the bullfrog.
The bullfrog is severely wounded.
The bullfrog hits you but does no damage. x2
You hit the bullfrog.
The bullfrog is almost dead.
The bullfrog hits you.
* * * LOW HITPOINT WARNING * * *
The bullfrog hits you.
* * * LOW HITPOINT WARNING * * *
You take 2 damage, and have 5/18 hp.
Unknown command.
You closely miss the bullfrog.
The bullfrog is almost dead.
The bullfrog hits you.
* * * LOW HITPOINT WARNING * * *
You take 3 damage, and have 2/18 hp.
Unknown command.
You hit the bullfrog but do no damage.
The bullfrog is almost dead.
The bullfrog barely misses you. The bullfrog hits you.
You die...

.........♣██
...██.P≈♣≈≈███
...██.P≈≈≈...███████
...████.♣.██.......█
.█........██.█████.█
██........██)... █.█
███.......██.██. █.█
███<......██.██.██.█
..█.......██....@..█
..█.......█████F████
..█.......█ █c
.██......███ █.
.██.██.....█ ..
.██........█ .█
†██.█..█...█ █.
..█........█ █.
.....███...███.█


You could see a bullfrog and a centaur.

Vanquished Creatures
  A worm (D:5)
  An orc (D:4)
2 creatures vanquished.

Notes
Turn   | Place    | Note
-------+----------+-------------------------------------------
     0 | D:5      | Goblin1989 the Demonspawn Delver began the quest for the
                  | Orb.
     0 | D:5      | Reached XP level 1. HP: 18/18 MP: 1/1
    22 | D:4      | Noticed an orc wizard
    38 | D:5      | Noticed a sky beast
   182 | D:5      | Noticed a gnoll shaman
   249 | D:5      | Noticed a bullfrog
   251 | D:5      | Noticed a centaur
   260 | D:5      | Slain by a bullfrog

Illustrated notes

Levels and vault maps discovered:
D:4:      layout_loops_cross, temple_fountains
D:5:      layout_loops_cross, nzn_overflow_gifts_of_might_and_magic,
          tso_oasis_becter, minmay_overflow_temple_hex, serial_bayou_pond_d,
          patterned_corridor, uniq_crazy_yiuf_cottage

Skill      XL: |  1 |
---------------+----+-----
Maces & Flails | 2 |  2.2
Fighting       | |  3.0
Dodging        | |  1.7
Stealth        | |  4.5

Action                   || total
-------------------------++-------
Melee: Mace              ||    16
 Stab: Sleeping          ||     1
Armor: Leather armour    ||     2
Dodge: Dodged            ||     9

Table legend: (Time is in decaauts)
 A = Elapsed time spent in this place.
 B = Non-inter-level travel time spent in this place.
 C = Inter-level travel time spent in this place.
 D = Time resting spent in this place.
 E = Time spent auto-exploring this place.
 F = Levels seen in this place.
 G = Mean time per level.
                   A        B        C        D        E       F      G
               +--------+--------+--------+--------+--------+-----+--------+
         Total |    264 |    264 |      0 |     24 |      0 |   2 |  132.0 |
       Dungeon |    264 |    264 |      0 |     24 |      0 |   2 |  132.0 |
               +--------+--------+--------+--------+--------+-----+--------+

Top non-repeatable levels by time:
     D:5: 250 daAuts
     D:4: 14 daAuts
